AoeStats
← KırımTatarı

Oasis

508918560Analyzed
3v3 RM · 7d ago on Sep 24, 2026· 55m 34s· 6 players
Game mode
Random Map
Map size
Normal (6 player)
Population
200
Speed
Normal
Resources
Standard
Victory
Conquest
Starting age
Dark Age
Ending age
Imperial Age
RankedLock teamsTeams togetherTeam positionsShared explorationLock speedFull tech treeHidden civsTurbo modeCheats
Victory
Defeat
🇦🇹 Danes · Austria
1104
+18
🇦🇹 Vietnamese · Austria
1078
+19
🇦🇹 Britons · Austria
1078
+19
🇹🇷 Mongols · Türkiye
1181
-21
🇹🇷 Magyars · Türkiye
1117
-18
🇹🇷 Vietnamese · Türkiye
1112
-17
HOOLA | Thorfast
8:53 Loom
11:40 Feudal Age
15:32 Castle Age
13:55 Horse Collar
14:02 Double-Bit Axe
23:47 Wheelbarrow
25:28 Hamask
26:39 Scale Mail Armor
26:49 Forging
26:31 Fletching
32:01 Imperial Age
29:48 Pikeman
30:14 Gambesons
30:30 Squires
30:59 Hand Cart
30:43 Arson
34:07 Onager
36:21 Bow Saw
36:13 Heavy Plow
36:53 Siege Onager
37:44 Town Watch
39:05 Conscription
40:07 Chain Mail Armor
41:16 Siege Engineers
41:33 Elite Varangian Guard
43:13 Plate Mail Armor
43:18 Iron Casting
44:30 Ballistics
45:10 Chemistry
45:18 Northmen's Fury
46:19 Conscription
47:16 Halberdier
49:58 Blast Furnace
54:15 Caravan
54:15 Bodkin Arrow
HOOLA | Gittlerella
0:29 Loom
13:19 Feudal Age
26:05 Castle Age
26:12 Crossbowman
26:47 Fletching
26:57 Padded Archer Armor
29:40 Fortified Wall
33:20 Double-Bit Axe
33:40 Bodkin Arrow
34:47 Horse Collar
36:16 Bow Saw
37:36 Heavy Plow
40:48 Leather Archer Armor
44:49 Imperial Age
42:52 Ballistics
43:29 Wheelbarrow
44:07 Stone Mining
44:18 Gold Mining
44:53 Arbalester
48:36 Bracer
52:47 Chemistry
53:45 Ring Archer Armor
54:47 Yeomen
HOOLA | okokokok
10:59 Feudal Age
15:02 Castle Age
13:02 Double-Bit Axe
17:08 Bow Saw
17:48 Horse Collar
19:42 Heavy Plow
19:36 Gold Mining
21:31 Wheelbarrow
21:03 Stone Mining
24:27 Hand Cart
24:28 Scale Barding Armor
24:33 Forging
25:25 Husbandry
28:27 Stone Shaft Mining
28:09 Bloodlines
29:27 Loom
29:27 Town Watch
34:32 Imperial Age
32:38 Chain Barding Armor
32:53 Iron Casting
34:52 Elite Battle Elephant
36:11 Plate Barding Armor
36:07 Caravan
38:50 Crop Rotation
38:14 Fletching
41:22 Chatras
43:41 Paper Money
53:51 Bodkin Arrow
Kaçika Exeal Kaçika
10:34 Feudal Age
12:00 Double-Bit Axe
12:04 Loom
14:47 Castle Age
14:35 Horse Collar
15:49 Bow Saw
15:28 Horse Collar
19:05 Wheelbarrow
19:41 Gold Mining
20:20 Stone Mining
20:47 Fletching
23:24 Heavy Plow
23:12 Town Watch
24:33 Stone Shaft Mining
26:14 Fletching
27:45 Hand Cart
29:00 Fletching
32:12 Imperial Age
30:22 Gold Shaft Mining
29:56 Bodkin Arrow
30:13 Bloodlines
31:07 Ballistics
31:56 Town Watch
32:33 Husbandry
32:48 Thumb Ring
32:17 Elite Mangudai
33:50 Bracer
33:50 Padded Archer Armor
34:29 Conscription
34:49 Parthian Tactics
37:16 Chemistry
36:23 Siege Engineers
36:54 Hoardings
37:19 Leather Archer Armor
37:20 Masonry
38:37 Murder Holes
38:24 Light Cavalry
39:10 Scale Barding Armor
39:16 Forging
40:45 Hussar
41:46 Chain Barding Armor
42:01 Iron Casting
43:01 Pikeman
43:42 Squires
43:43 Scale Mail Armor
44:43 Blast Furnace
46:31 Caravan
KırımTatarı
6:20 Loom
9:36 Feudal Age
10:45 Double-Bit Axe
19:43 Castle Age
18:06 Scale Barding Armor
17:57 Gold Mining
18:39 Bloodlines
18:57 Horse Collar
20:38 Bow Saw
26:18 Wheelbarrow
26:16 Husbandry
32:06 Heavy Plow
33:00 Chain Barding Armor
34:41 Hand Cart
37:34 Gold Shaft Mining
39:37 Imperial Age
37:50 Corvinian Army
39:46 Cavalier
40:11 Capped Ram
41:08 Elite Magyar Huszar
42:34 Stone Mining
44:29 Conscription
45:08 Plate Barding Armor
45:52 Chemistry
45:54 Light Cavalry
46:25 Pikeman
47:07 Scale Mail Armor
47:41 Paladin
48:55 Halberdier
50:13 Hussar
HoChiMinh
10:07 Feudal Age
8:23 Loom
10:50 Double-Bit Axe
21:12 Castle Age
19:32 Horse Collar
19:45 Gold Mining
21:09 Fletching
21:34 Forging
22:17 Wheelbarrow
22:03 Crossbowman
23:23 Padded Archer Armor
23:30 Scale Barding Armor
25:22 Husbandry
27:02 Bow Saw
27:47 Bodkin Arrow
28:29 Iron Casting
28:26 Heavy Plow
29:45 Stone Mining
30:55 Chain Barding Armor
37:58 Imperial Age
37:13 Thumb Ring
37:22 Bloodlines
38:24 Arbalester
39:31 Bracer
44:43 Pikeman
47:02 Two-Man Saw
48:45 Squires
Connection lost

Rejoining the realm…

Still unreachable

The connection could not be restored.

Session expired

The server has moved on; the page needs a fresh start.